 Dungeon Crawl Stone Soup version 0.28.0-1-gb440e238dd (webtiles) character file.

Game seed: 12129093375504223483

13 Hasart the Vexing (level 2, -1/20 HPs)
             Began as a Demigod Enchanter on Feb 19, 2022.
             Frozen to death by an endoplasm (2 damage)
             ... on level 1 of the Dungeon.
             The game lasted 00:01:03 (705 turns).

Hasart the Vexing (Demigod Enchanter)                Turns: 705, Time: 00:01:03

Health: -1/20      AC:  2    Str:  9    XL:     2   Next: 12%
Magic:  7/7        EV: 12    Int: 17    God:
Gold:   8          SH:  0    Dex: 14    Spells: 5/5 levels left

rFire   . . .      SeeInvis .   a - +1 dagger
rCold   . . .      Faith    .   (no shield)
rNeg    . . .      Spirit   .   b - +0 robe
rPois   .          Reflect  .   (no helmet)
rElec   .          Harm     .   (no cloak)
rCorr   .          Rampage  .   (no gloves)
Will    .....                   (no boots)
Stlth   ++........              (no amulet)
HPRegen 0.06/turn               (no ring)
MPRegen 0.10/turn               (no ring)

@: no status effects
A: high MP 1, forlorn, divine attributes
a: no special abilities


You were on level 1 of the Dungeon.
You visited 1 branch of the dungeon, and saw 1 of its levels.

You collected 8 gold pieces.

Inventory:

Hand Weapons
 a - a +1 dagger (weapon)
Armour
 b - a +0 robe (worn)
Potions
 c - a potion of invisibility
 d - a potion of attraction {unknown}
 e - a potion of ambrosia {unknown}


   Skills:
 + Level 1.2 Short Blades
 + Level 2.0 Dodging
 - Level 2.6 Stealth
 + Level 2.0 Spellcasting
 + Level 2.9 Hexes


You had 5 spell levels left.
You didn't know any spells.
Your spell library contained the following spells:

 Spells                   Type           Power      Damage    Failure   Level
 Ensorcelled Hibernation  Hex/Ice        12%        N/A       16%         2
 Confusing Touch          Hex            11%        N/A       19%         3
 Tukima's Dance           Hex            11%        N/A       19%         3
 Dazzling Flash           Conj/Hex       12%        N/A       32%         3


Dungeon Overview and Level Annotations

Branches:
Dungeon (1/15)


Innate Abilities, Weirdness & Mutations

You have an increased reservoir of magic. (+10% MP)
You shall have no god before yourself.
Your divine heritage dramatically boosts your attributes as you level up.


Message History

A giant cockroach is nearby!
The helpless giant cockroach fails to defend itself.
You puncture the giant cockroach!
You kill the giant cockroach!
You now have 8 gold pieces.
An endoplasm comes into view.
An endoplasm is nearby!
The endoplasm quivers.
You hit the endoplasm.
The endoplasm is severely wounded.
The endoplasm hits you. The endoplasm barely misses you.
The endoplasm closely misses you.
The endoplasm jiggles.
The endoplasm hits you but does no damage.
The endoplasm misses you. The endoplasm closely misses you.
The endoplasm barely misses you. The endoplasm misses you.
The endoplasm completely misses you.
The endoplasm hits you but does no damage.
The endoplasm jiggles.
The endoplasm freezes you.
You are frozen.
The endoplasm closely misses you. The endoplasm hits you.
The endoplasm barely misses you. The endoplasm freezes you.
You are frozen.
The endoplasm hits you. The endoplasm hits you.
* * * LOW HITPOINT WARNING * * *
A frilled lizard comes into view.
The endoplasm freezes you.
You are frozen.
* * * LOW HITPOINT WARNING * * *
The endoplasm barely misses you. The endoplasm freezes you.
You are frozen.
You die...

#..........).##....
#.###...#######..#..
###...............#
#.........†....####
#.#..########.##
#.#..###### #
#.#.........
#.#.#.########
#...@.# #..J..#
##...## ....## #####


You could see an endoplasm.

Vanquished Creatures
  A ball python (D:1)
  A giant cockroach (D:1)
  7 jackals (D:1)
  A kobold (D:1)
10 creatures vanquished.

Notes
Turn   | Place    | Note
-------+----------+-------------------------------------------
     0 | D:1      | Hasart the Demigod Enchanter began the quest for the Orb.
     0 | D:1      | Reached XP level 1. HP: 14/14 MP: 5/5
    42 | D:1      | Reached skill level 1 in Short Blades
   459 | D:1      | Reached XP level 2. HP: 10/20 MP: 7/7
   703 | D:1      | HP: 1/20 [frozen (5)]
   705 | D:1      | Frozen to death by an endoplasm

Illustrated notes

Levels and vault maps discovered:
D:1:      minmay_arrival_shattered_statue, layout_loops_ring

Skill      XL: |  1 |
---------------+----+-----
Short Blades   | 1 |  1.2
Dodging        | 2 |  2.0
Spellcasting   | 2 |  2.0
Stealth        | |  2.6
Hexes          | |  2.9

Action                   || total
-------------------------++-------
Melee: Dagger            ||    54
       Punch             ||     1
 Stab: Sleeping          ||     3
Armor: Robe              ||    13
Dodge: Dodged            ||    45
